cohdb
Replays
Latest Replays
All Replays
Popular Replays
Top Player Replays
Match Explorer
How It Works
Community
CoH3 Stats
Reddit
Sign in to upload your games and track your stats! →
Sign in with Steam
Match 42761309
Unlisted
Match 42761309
Overview
Messages
Build Orders
End
Kettenkrad Recon Vehicle
Construct Infanterie Kompanie
MG 42 Machine Gun Team
Selects Terror Battlegroup
Selects Machine Gun Camouflage
MG 42 Machine Gun Team
Construct Panzergrenadier Kompanie
Panzergrenadier Squad
Panzergrenadier Squad
Panzergrenadier Squad
Pak 40 Anti-tank Gun Team
251 Medium Carrier
Forward Retreat Point
Pak 40 Anti-tank Gun Team
Construct Panzer Kompanie
Selects Defend the Fatherland
Panzer IV Medium Tank
Selects King Tiger Heavy Tank
Selects King Tiger Heavy Tank
King Tiger Heavy Tank
General SALAN
Karline🥰❤️🖤💔
TEA OR STH STRONGER
TY
TidaL
骑金将军的迈巴赫
101师187团E连
geitje1
0
0
Comments
sign in to comment!
No comments posted yet!